 Dungeon Crawl Stone Soup version 0.29-a0-973-gac7da5f7f0 (webtiles) character file.

Game seed: 188901455817095958

14 pokeman the Magician (level 2, 0/16 HPs)
             Began as a Deep Elf Hedge Wizard on July 31, 2022.
             Slain by a gnoll
             ... wielding a +0 club
              (2 damage)
             ... on level 1 of the Dungeon.
             The game lasted 00:01:14 (1333 turns).

pokeman the Magician (Deep Elf Hedge Wizard)        Turns: 1333, Time: 00:01:15

Health: 0/16       AC:  4    Str:  7    XL:     2   Next: 27%
Magic:  2/9        EV: 11    Int: 18    God:
Gold:   86         SH:  0    Dex: 14    Spells: 9/10 levels left

rFire   . . .      SeeInvis .   g - +0 mace
rCold   . . .      Faith    .   (no shield)
rNeg    . . .      Spirit   .   e - +0 leather armour
rPois   .          Reflect  .   c - +0 hat
rElec   .          Harm     .   (no cloak)
rCorr   .          Rampage  .   (no gloves)
Will    .....                   b - +0 pair of boots
Stlth   ++........              (no amulet)
HPRegen 0.05/turn               (no ring)
MPRegen 0.11/turn               (no ring)

@: no status effects
A: no striking features
a: no special abilities


You were on level 1 of the Dungeon.
You visited 1 branch of the dungeon, and saw 1 of its levels.

You collected 86 gold pieces.

Inventory:

Hand Weapons
 g - a +0 mace (weapon)
Armour
 b - a +0 pair of boots (worn)
 c - a +0 hat (worn)
 e - a +0 leather armour (worn)
Scrolls
 f - a scroll of identify {unknown}
Potions
 d - a potion of magic


   Skills:
 + Level 0.4 Fighting
 + Level 0.4 Armour
 - Level 2.4 Dodging
 - Level 2.4 Stealth
 * Level 4.8 Spellcasting
 + Level 1.4 Conjurations
 - Level 1.1 Summonings
 - Level 1.1 Translocations


You had 9 spell levels left.
You knew the following spells:

 Your Spells              Type           Power      Damage    Failure   Level
a - Magic Dart            Conj           36%        1d4       11%         1

Your spell library contained the following spells:

 Spells                   Type           Power      Damage    Failure   Level
 Blink                    Tloc           16%        N/A       19%         2
 Call Imp                 Summ           8%         N/A       19%         2
 Necrotise                Necr           16%        1d4       21%         1
 Slow                     Hex            16%        N/A       21%         1
 Conjure Flame            Conj/Fire      6%         6-21      41%         3
 Mephitic Cloud           Conj/Pois/Air  6%         N/A       43%         3
 Vampiric Draining        Necr           4%         2d6       52%         3
 Agony                    Necr           4%         N/A       99%         5


Dungeon Overview and Level Annotations

Branches:
Dungeon (1/15)

Altars:


Message History

The gnoll is heavily wounded.
The gnoll hits you with a +0 club.
Casting: Magic Dart (safe; 11% risk of failure)
Confirm with . or Enter, or press ? or * to list all spells.
Aiming: Magic Dart (safe; 11% risk of failure)
Press: ? - help, Shift-Dir - straight line, f/p - gnoll
Aim: a gnoll, wielding a +0 club (heavily wounded, 100% to hit)
The magic dart hits the gnoll.
The gnoll is heavily wounded.
The gnoll closely misses you.
Casting: Magic Dart (safe; 11% risk of failure)
Confirm with . or Enter, or press ? or * to list all spells.
Aiming: Magic Dart (safe; 11% risk of failure)
Press: ? - help, Shift-Dir - straight line, f/p - gnoll
Aim: a gnoll, wielding a +0 club (heavily wounded, 100% to hit)
The magic dart hits the gnoll but does no damage.
The gnoll is heavily wounded.
The gnoll closely misses you.
Casting: Magic Dart (safe; 11% risk of failure)
Confirm with . or Enter, or press ? or * to list all spells.
Aiming: Magic Dart (safe; 11% risk of failure)
Press: ? - help, Shift-Dir - straight line, f/p - gnoll
Aim: a gnoll, wielding a +0 club (heavily wounded, 100% to hit)
The magic dart hits the gnoll.
The gnoll is severely wounded.
The gnoll hits you with a +0 club!
Casting: Magic Dart (safe; 11% risk of failure)
Confirm with . or Enter, or press ? or * to list all spells.
Aiming: Magic Dart (safe; 11% risk of failure)
Press: ? - help, Shift-Dir - straight line, f/p - gnoll
Aim: a gnoll, wielding a +0 club (severely wounded, 100% to hit)
The magic dart hits the gnoll but does no damage.
The gnoll is severely wounded.
The gnoll hits you with a +0 club.
* * * LOW HITPOINT WARNING * * *
Unknown command.
You closely miss the gnoll.
The gnoll is severely wounded.
The gnoll hits you with a +0 club.
You die...

##.##.#.#####...##.......#.#
##.#...#.......#.##.#####.#.#
#.###..#.#####.#.##.# #.#.#
##.#.#.#.#...#...##.#####.#.#
##....#.#.#.#..........>...#
###..#.#.#.#..###.#####†###
#..#...#.#.## #.# #.#
#..#####.#.# #.# #.#
#.......@#.# #.. ..#
#..#####g#.# ### ### ##.#..
#.#.# # #.#.# #.#(# ########
# #.#.# #.#.# ####....... #
#.#.#g..#.# #.....####. #
#.#.#####.# #.###.####. #
#.#.......# #.# #....#. #
###.#.#####.####.###.##.#.


You could see a gnoll.

Vanquished Creatures
  An endoplasm (D:1)
  A giant cockroach (D:1)
  3 goblins (D:1)
  A hobgoblin (D:1)
  2 kobolds (D:1)
  A quokka (D:1)
  2 bats (D:1)
  A frilled lizard (D:1)
12 creatures vanquished.

Notes
Turn   | Place    | Note
-------+----------+-------------------------------------------
     0 | D:1      | pokeman the Deep Elf Hedge Wizard began the quest for the
                  | Orb.
     0 | D:1      | Reached XP level 1. HP: 10/10 MP: 7/7
   675 | D:1      | Reached XP level 2. HP: 16/16 MP: 7/9
   839 | D:1      | Found a faded altar of an unknown god.
  1333 | D:1      | Slain by a gnoll

Illustrated notes

Levels and vault maps discovered:
D:1:      wander_arrival_chamber, layout_loops_corners,
          chequers_ecumenical_altar_simple, roderic_lattice_a, minivault_25,
          chequers_serial_rivers_marsh

Action                   || total
-------------------------++-------
Melee: Mace              ||     1
 Cast: Magic Dart        ||    45
Armor: Leather armour    ||     3
Dodge: Dodged            ||     9

Table legend: (Time is in decaauts)
 A = Elapsed time spent in this place.
 B = Non-inter-level travel time spent in this place.
 C = Inter-level travel time spent in this place.
 D = Time resting spent in this place.
 E = Time spent auto-exploring this place.
 F = Levels seen in this place.
 G = Mean time per level.
                   A        B        C        D        E       F      G
               +--------+--------+--------+--------+--------+-----+--------+
         Total |   1333 |   1333 |      0 |      0 |   1183 |   1 | 1333.0 |
       Dungeon |   1333 |   1333 |      0 |      0 |   1183 |   1 | 1333.0 |
               +--------+--------+--------+--------+--------+-----+--------+

Top non-repeatable levels by time:
     D:1: 1333 daAuts
